3AAA
SCRANTON SUPERNOVAS @ BRINKLEY BELUGAS
08/31/2028
 
TOP OF THE 1ST
Scranton Supernovas batting - Pitching for Brinkley Belugas : RHP Enrique García
Pitching: RHP Enrique García
Batting: RHB Senior Pond 0-0: Bunt for hit - play at first, batter OUT! 2-3
Batting: RHB Kevin Malone 0-0: Ball
1-0: Ball
2-0: Foul Ball, location: 2F
2-1: Ball
3-1: Foul Ball, location: 2F
3-2: Base on Balls
Batting: RHB Joaquín Parra 0-0: Swinging Strike
0-1: Swinging Strike
0-2: Ball
1-2: Ball
2-2: Foul Ball, location: 2F
2-2: Foul Ball, location: 2F
2-2: Strikes out swinging
Batting: RHB Dong-po Tien 0-0: Fly out, F9 (Flyball, 9LSF)
Top of the 1st over - 0 run(s), 0 hit(s), 0 error(s), 1 left on base; Scranton 0 - Brinkley 0
BOTTOM OF THE 1ST
Brinkley Belugas batting - Pitching for Scranton Supernovas : RHP Pedro Rodríguez
Pitching: RHP Pedro Rodríguez
Batting: RHB Manny Carbajal 0-0: Called Strike
0-1: Hit by Pitch
Batting: RHB Orlando Velásquez 0-0: Called Strike
0-1: Ball
1-1: Fielders Choice at 2nd, 1-6 (Groundball, 13S)
Batting: LHB Mike Cook 0-0: Called Strike
0-1: Ball
1-1: Foul Ball, location: 2F
1-2: Ball
2-2: Fly out, F9 (Line Drive, 89D)
Batting: SHB Mario Domondón 0-0: Ball
1-0: Fielders Choice at 2nd, 4-6 (Groundball, 34)
Bottom of the 1st over - 0 run(s), 0 hit(s), 0 error(s), 0 left on base; Scranton 0 - Brinkley 0
TOP OF THE 2ND
Scranton Supernovas batting - Pitching for Brinkley Belugas : RHP Enrique García
Batting: LHB José Pacheco 0-0: SINGLE (Groundball, 4D)
Batting: SHB Alonso Solís 0-0: Called Strike
0-1: Ball
1-1: Fly out, F8 (Flyball, 8LM)
Batting: RHB Pedro Rivera 0-0: Called Strike
0-1: Foul Ball, location: 2F
0-2: Strikes out swinging
Batting: RHB Kent Summey 0-0: Foul Ball, location: 2F
0-1: 2-RUN HOME RUN (Flyball, 7D), Distance : 398 ft
Batting: RHB Brad Jacobson 0-0: Bunt missed!
0-1: Called Strike
0-2: Hit by Pitch
Batting: RHB Senior Pond 0-0: Ball
1-0: Ball
2-0: Ball
3-0: Called Strike
3-1: Called Strike
3-2: Strikes out swinging
Top of the 2nd over - 2 run(s), 2 hit(s), 0 error(s), 1 left on base; Scranton 2 - Brinkley 0
BOTTOM OF THE 2ND
Brinkley Belugas batting - Pitching for Scranton Supernovas : RHP Pedro Rodríguez
Batting: RHB Steve Jones 0-0: Swinging Strike
0-1: Ball
1-1: Ball
2-1: Foul Ball, location: 2F
2-2: Foul Ball, location: 2F
2-2: Strikes out swinging
Batting: RHB Edgardo Bello 0-0: Ground out 6-3 (Groundball, 6)
Batting: SHB Bernardo Hernández 0-0: Ball
1-0: Called Strike
1-1: Ball
2-1: Fly out, F4 (Popup, 4MD)
Bottom of the 2nd over - 0 run(s), 0 hit(s), 0 error(s), 0 left on base; Scranton 2 - Brinkley 0
TOP OF THE 3RD
Scranton Supernovas batting - Pitching for Brinkley Belugas : RHP Enrique García
Batting: RHB Kevin Malone 0-0: Called Strike
0-1: Called Strike
0-2: Strikes out swinging
Batting: RHB Joaquín Parra 0-0: Ball
1-0: Ball
2-0: Ball
3-0: Base on Balls
Batting: RHB Dong-po Tien 0-0: Swinging Strike
0-1: Fly out, F7 (Line Drive, 78XD)
Batting: LHB José Pacheco 0-0: Ball
1-0: Foul Ball, location: 2F
1-1: Ground out 4-3 (Groundball, 34D)
Top of the 3rd over - 0 run(s), 0 hit(s), 0 error(s), 1 left on base; Scranton 2 - Brinkley 0
BOTTOM OF THE 3RD
Brinkley Belugas batting - Pitching for Scranton Supernovas : RHP Pedro Rodríguez
Batting: RHB Enrico Betancourt 0-0: SOLO HOME RUN (Flyball, 7D), Distance : 385 ft
Batting: LHB Harold Wiggins 0-0: Swinging Strike
0-1: Ball
1-1: Ball
2-1: Swinging Strike
2-2: Foul Ball, location: 2F
2-2: Ground out 4-3 (Groundball, 4)
Batting: RHB Manny Carbajal 0-0: Fly out, F9 (Flyball, 9LM)
Batting: RHB Orlando Velásquez 0-0: Ball
1-0: Ball
2-0: Ball
3-0: Called Strike
3-1: Foul Ball, location: 2F
3-2: Fly out, F7 (Flyball, 7LMF)
Bottom of the 3rd over - 1 run(s), 1 hit(s), 0 error(s), 0 left on base; Scranton 2 - Brinkley 1
TOP OF THE 4TH
Scranton Supernovas batting - Pitching for Brinkley Belugas : RHP Enrique García
Batting: SHB Alonso Solís 0-0: Called Strike
0-1: Called Strike
0-2: Foul Ball, location: 2F
0-2: Ball
1-2: Foul Ball, location: 2F
1-2: Foul Ball, location: 2F
1-2: SINGLE (Line Drive, 8LS)
Batting: RHB Pedro Rivera 0-0: Ball
1-0: Ground out 5-3 (Groundball, 56S)
Alonso Solís to second
Batting: RHB Kent Summey 0-0: Ball
1-0: Ball
2-0: Foul Ball, location: 2F
2-1: Ball
3-1: Called Strike
3-2: Base on Balls
Pitching: LHP Don Teehan
Batting: RHB Brad Jacobson 0-0: Called Strike
0-1: Fly out, F7 (Flyball, 7)
Batting: RHB Senior Pond 0-0: Ball
1-0: Called Strike
1-1: Called Strike
1-2: Strikes out swinging
Top of the 4th over - 0 run(s), 1 hit(s), 0 error(s), 2 left on base; Scranton 2 - Brinkley 1
BOTTOM OF THE 4TH
Brinkley Belugas batting - Pitching for Scranton Supernovas : RHP Pedro Rodríguez
Batting: LHB Mike Cook 0-0: Ball
1-0: Called Strike
1-1: Foul Ball, location: 2F
1-2: Fly out, F5 (Line Drive, 5S)
Batting: SHB Mario Domondón 0-0: Called Strike
0-1: Foul Ball, location: 2F
0-2: Ball
1-2: SINGLE (Groundball, 5D)
Batting: RHB Steve Jones 0-0: Swinging Strike
0-1: Ball
1-1: SINGLE (Groundball, 56D)
Mario Domondón to second
Batting: RHB Edgardo Bello 0-0: Ball
Mario Domondón steals 3rd base
Steve Jones to second
1-0: Fly out, F9 (Flyball, 9LM)
Runner from 3rd tags up, SCORES, throw made
Batting: SHB Bernardo Hernández 0-0: Called Strike
0-1: Swinging Strike
0-2: Ball
1-2: Ball
2-2: Foul Ball, location: 2F
2-2: Ball
3-2: SINGLE (Line Drive, 4)
Steve Jones to third
Steve Jones scores
Batting: RHB Enrico Betancourt 0-0: Called Strike
0-1: Fly out, F7 (Line Drive, 7)
Bottom of the 4th over - 2 run(s), 3 hit(s), 0 error(s), 1 left on base; Scranton 2 - Brinkley 3
TOP OF THE 5TH
Scranton Supernovas batting - Pitching for Brinkley Belugas : LHP Don Teehan
Batting: RHB Kevin Malone 0-0: Ball
1-0: Ground out 4-3 (Groundball, 4)
Batting: RHB Joaquín Parra 0-0: Foul Ball, location: 2F
0-1: Ball
1-1: Ball
2-1: Foul Ball, location: 2F
2-2: Strikes out swinging
Batting: RHB Dong-po Tien 0-0: Called Strike
0-1: Ground out 6-3 (Groundball, 6)
Top of the 5th over - 0 run(s), 0 hit(s), 0 error(s), 0 left on base; Scranton 2 - Brinkley 3
BOTTOM OF THE 5TH
Brinkley Belugas batting - Pitching for Scranton Supernovas : RHP Pedro Rodríguez
Batting: LHB Harold Wiggins 0-0: Ball
1-0: Called Strike
1-1: Ball
2-1: Called Strike
2-2: Ball
3-2: Strikes out swinging
Batting: RHB Manny Carbajal 0-0: Ball
1-0: Called Strike
1-1: Swinging Strike
1-2: Foul Ball, location: 2F
1-2: Foul Ball, location: 2F
1-2: Ball
2-2: Strikes out swinging
Batting: RHB Orlando Velásquez 0-0: Ground out 6-3 (Groundball, 6)
Bottom of the 5th over - 0 run(s), 0 hit(s), 0 error(s), 0 left on base; Scranton 2 - Brinkley 3
TOP OF THE 6TH
Scranton Supernovas batting - Pitching for Brinkley Belugas : LHP Don Teehan
Batting: LHB José Pacheco 0-0: Called Strike
0-1: Called Strike
0-2: Ball
1-2: Fly out, F8 (Flyball, 78M)
Batting: SHB Alonso Solís 0-0: Ball
1-0: Ball
2-0: Called Strike
2-1: Swinging Strike
2-2: Ball
3-2: Foul Ball, location: 2F
3-2: SINGLE (Groundball, 4MD)
Batting: RHB Pedro Rivera 0-0: Called Strike
0-1: Ball
1-1: Fly out, F7 (Flyball, 7D)
Batting: RHB Kent Summey 0-0: Ball
1-0: Foul Ball, location: 2F
1-1: Foul Ball, location: 2F
1-2: Strikes out swinging
Top of the 6th over - 0 run(s), 1 hit(s), 0 error(s), 1 left on base; Scranton 2 - Brinkley 3
BOTTOM OF THE 6TH
Brinkley Belugas batting - Pitching for Scranton Supernovas : RHP Pedro Rodríguez
Batting: LHB Mike Cook 0-0: Swinging Strike
0-1: Ball
1-1: Ball
2-1: Called Strike
2-2: Strikes out looking
Batting: SHB Mario Domondón 0-0: SINGLE (Groundball, 6D)
Batting: RHB Steve Jones 0-0: Ball
1-0: Ball
2-0: Called Strike
2-1: Ball
3-1: Swinging Strike
3-2: Foul Ball, location: 2F
3-2: Base on Balls
Mario Domondón to second
Batting: RHB Edgardo Bello 0-0: Ball
1-0: Ball
2-0: Foul Ball, location: 2F
2-1: Ball
3-1: Foul Ball, location: 2F
3-2: Foul Ball, location: 2F
3-2: 3-RUN HOME RUN (Flyball, 78XD), Distance : 434 ft
Pitching: RHP Apollo Cepeda
Batting: SHB Bernardo Hernández 0-0: Ball
1-0: Ball
2-0: Foul Ball, location: 2F
2-1: DOUBLE (Line Drive, 9LM)
Batting: RHB Enrico Betancourt 0-0: Intentional Walk
Batting: LHB Harold Wiggins 0-0: Called Strike
0-1: Swinging Strike
0-2: Ball
1-2: Ball
2-2: Strikes out swinging
Batting: RHB Manny Carbajal 0-0: Ball
1-0: Fielders Choice at 2nd, 4-6 (Groundball, 4)
Bottom of the 6th over - 3 run(s), 3 hit(s), 0 error(s), 1 left on base; Scranton 2 - Brinkley 6
TOP OF THE 7TH
Scranton Supernovas batting - Pitching for Brinkley Belugas : LHP Don Teehan
Batting: RHB Brad Jacobson 0-0: Ground out 5-3 (Groundball, 56S)
Batting: RHB Senior Pond 0-0: Ball
1-0: Ball
2-0: Foul Ball, location: 2F
2-1: Ball
3-1: Ground out 6-3 (Groundball, 6)
Batting: RHB Kevin Malone 0-0: Ball
1-0: Ball
2-0: Called Strike
2-1: Ground out 6-3 (Groundball, 6)
Top of the 7th over - 0 run(s), 0 hit(s), 0 error(s), 0 left on base; Scranton 2 - Brinkley 6
BOTTOM OF THE 7TH
Brinkley Belugas batting - Pitching for Scranton Supernovas : RHP Apollo Cepeda
Batting: RHB Orlando Velásquez 0-0: Ball
1-0: Swinging Strike
1-1: Foul Ball, location: 2F
1-2: Ball
2-2: Ball
3-2: Base on Balls
Batting: LHB Mike Cook 0-0: Ball
1-0: Fly out, F8 (Line Drive, 8LM)
Batting: SHB Mario Domondón 0-0: Fielders Choice at 2nd, 1-6 (Groundball, 13)
Batting: RHB Steve Jones 0-0: Ball
1-0: Ball
Mario Domondón steals 2nd base
2-0: Ball
3-0: Base on Balls
Batting: RHB Edgardo Bello 0-0: Called Strike
0-1: Ground out 5-3 (Groundball, 56)
Bottom of the 7th over - 0 run(s), 0 hit(s), 0 error(s), 2 left on base; Scranton 2 - Brinkley 6
TOP OF THE 8TH
Scranton Supernovas batting - Pitching for Brinkley Belugas : LHP Don Teehan
Batting: RHB Joaquín Parra 0-0: Foul Ball, location: 2F
0-1: Swinging Strike
0-2: Ball
1-2: Ball
2-2: Ball
3-2: Foul Ball, location: 2F
3-2: Foul Ball, location: 2F
3-2: Base on Balls
Pitching: RHP César Rivera
Batting: RHB Dong-po Tien 0-0: Swinging Strike
0-1: Foul Ball, location: 2F
0-2: Fly out, F9 (Flyball, 9LS)
Batting: LHB José Pacheco 0-0: Ball
1-0: Ball
2-0: Swinging Strike
2-1: Ball
3-1: Swinging Strike
3-2: Base on Balls
Joaquín Parra to second
Batting: SHB Alonso Solís 0-0: Ball
1-0: Ball
2-0: Called Strike
2-1: Foul Ball, location: 2F
2-2: Strikes out swinging
Batting: RHB Pedro Rivera 0-0: Foul Ball, location: 2F
0-1: Foul Ball, location: 2F
0-2: Strikes out swinging
Top of the 8th over - 0 run(s), 0 hit(s), 0 error(s), 2 left on base; Scranton 2 - Brinkley 6
BOTTOM OF THE 8TH
Brinkley Belugas batting - Pitching for Scranton Supernovas : RHP Apollo Cepeda
Batting: SHB Bernardo Hernández 0-0: Called Strike
0-1: Ball
1-1: Ball
2-1: Called Strike
2-2: Ground out 6-3 (Groundball, 6)
Batting: RHB Enrico Betancourt 0-0: Ball
1-0: Called Strike
1-1: Ball
2-1: Ground out 6-3 (Groundball, 6)
Batting: LHB Harold Wiggins 0-0: Called Strike
0-1: Fly out, F7 (Flyball, 7LMF)
Bottom of the 8th over - 0 run(s), 0 hit(s), 0 error(s), 0 left on base; Scranton 2 - Brinkley 6
TOP OF THE 9TH
Scranton Supernovas batting - Pitching for Brinkley Belugas : RHP César Rivera
Batting: RHB Kent Summey 0-0: Ball
1-0: Called Strike
1-1: Called Strike
1-2: Foul Ball, location: 2F
1-2: Strikes out swinging
Batting: RHB Brad Jacobson 0-0: Ball
1-0: Swinging Strike
1-1: SINGLE (Groundball, 56D)
Batting: RHB Senior Pond 0-0: Called Strike
0-1: Foul Ball, location: 2F
0-2: Ball
1-2: Foul Ball, location: 2F
1-2: Ball
2-2: Ball
3-2: SINGLE (Groundball, 56S) (infield hit)
Brad Jacobson to second
Pitching: RHP Bob Roth
Batting: RHB Kevin Malone 0-0: Ball
1-0: Foul Ball, location: 2F
1-1: Ball
2-1: Swinging Strike
2-2: Ball
3-2: Strikes out swinging
Batting: RHB Joaquín Parra 0-0: Called Strike
0-1: Called Strike
0-2: Ball
1-2: Ball
2-2: Fly out, F6 (Line Drive, 6)
Top of the 9th over - 0 run(s), 2 hit(s), 0 error(s), 2 left on base; Scranton 2 - Brinkley 6
Wednesday, August 30th, 2017 - OOTP Baseball 17.12 Build 75